 Dungeon Crawl Stone Soup version 0.31.0 (webtiles) character file.

Game seed: 1138875542360029489

101 qw the Shooter (level 4, 0/28 HPs)
             Began as a Gargoyle Hunter on Jan 19, 2024.
             Killed from afar by an orc wizard (2 damage)
             ... with a magic dart
             ... on level 3 of the Dungeon.
             The game lasted 00:00:05 (2027 turns).

qw the Shooter (Gargoyle Hunter)                    Turns: 2027, Time: 00:00:06

Health: 0/28       AC:  8    Str: 15    XL:     4   Next: 75%
Magic:  4/4        EV: 12    Int:  9    God:
Gold:   118        SH:  0    Dex: 21    Spells: 3/3 levels left

rFire   . . .        a - +0 shortbow
rCold   . . .        (shield currently unavailable)
rNeg    + . .        c - +0 leather armour
rPois   inf          (no helmet)
rElec   +            m - +0 cloak
rCorr   .            g - +0 pair of gloves
SInv    .            (no boots)
Will    .....        (no amulet)
Stlth   ++           h - +6 ring of dexterity
HPRegen 0.24/turn    (no ring)
MPRegen 0.09/turn

%: no passive effects
@: no status effects
A: sickness immunity, AC +3, negative energy resistance 1, electricity
resistance, torment resistance 1, petrification resistance
a: no special abilities


You were on level 3 of the Dungeon.
You visited 1 branch of the dungeon, and saw 3 of its levels.

You collected 118 gold pieces.


Innate Abilities, Weirdness & Mutations

You are immune to sickness and miasma.
Your stone body is resilient. (AC +3)
You are immune to poison.
You resist negative energy. (rN+)
You are resistant to electric shocks. (rElec)
You are resistant to unholy torment.
You are immune to petrification.


   Skills:
 - Level 3.0 Fighting
 + Level 5.5 Ranged Weapons
 - Level 1.0 Armour
 - Level 1.5 Dodging
 - Level 1.1 Stealth


You had 3 spell levels left.
You didn't know any spells.
Your spell library was empty.

Inventory:

Hand Weapons
 a - a +0 shortbow (weapon)
Armour
 c - a +0 leather armour (worn)
 g - a +0 pair of gloves (worn)
 m - a +0 cloak (worn)
Jewellery
 h - a +6 ring of dexterity (left hand)
Scrolls
 b - a scroll of noise {unknown}
Potions
 d - 2 potions of heal wounds
 e - a potion of haste

Dungeon Overview and Level Annotations

Branches:
Dungeon (3/15)

Altars:


Message History

The bombardier beetle is severely wounded.
The ball python completely misses you. The ball python grabs you.
The ball python constricts you. Something hits you but does no damage.
The orc hits you from afar with a +0 trident.
The bombardier beetle bites you but does no damage.
You shoot an arrow.
The arrow hits the ball python but does no damage.
The ball python bites you. The ball python constricts you.
The orc hits you but does no damage. Something hits you.
The ball python barely misses you. The ball python constricts you.
You shoot an arrow.
The arrow closely misses the ball python.
Something hits you but does no damage. The orc hits you but does no damage.
The bombardier beetle closely misses you.
The ball python bites you but does no damage.
The ball python constricts you.
You shoot an arrow. The arrow hits the ball python!
You kill the ball python!
The orc hits you from afar with a +0 trident.
Something hits you but does no damage.
The bombardier beetle sprays incendiary fluid at you.
The burning spray hits you.
You are covered in liquid fire!
You shoot an arrow. The arrow hits the bombardier beetle!
You kill the bombardier beetle!
The liquid fire burns you! Something hits you but does no damage.
The orc hits you from afar with a +0 trident.
Something hits you. The orc hits you but does no damage.
You shoot an arrow. The arrow hits the orc!
You kill the orc!
The liquid fire burns you! Something hits you but does no damage.
2024 ||| FLEEEEING.
You shake off some of the fire as you move.
The liquid fire burns you!
You shake off the liquid fire.
A magic dart appears from out of thin air!
The magic dart hits you.
You die...

#..#..#.........#
####'###%####......#
#..'.....'..#......#
#..#.....#.%#......#
####.....####......#
#.....#..#......# #
#.....#..#......#
.#'####)####'#......#
.........{.@........#
.......%...........##
.....$%.......>...##
.#'####'####'#.#### #
.... #..#.#
#.....#..#.#
#.....####.# #.....#
#.# +.....+ #<#


There were no monsters in sight!

Vanquished Creatures
  A bombardier beetle (D:3)
  2 adders (D:3)
  2 orcs (D:3)
  11 ball pythons
  A bat (D:1)
  An endoplasm (D:1)
  3 giant cockroaches
  4 goblins
  2 hobgoblins (D:1)
  6 kobolds
  3 quokkas (D:2)
  3 frilled lizards
  7 rats
46 creatures vanquished.

Notes
Turn   | Place    | Note
-------+----------+-------------------------------------------
     0 | D:1      | qw the Gargoyle Hunter began the quest for the Orb.
     0 | D:1      | Reached XP level 1. HP: 12/12 MP: 1/1
     0 | D:1      | 0 ||| qw: Version: 0.3-a-132-g3d54051
     0 | D:1      | 0 ||| qw: Game counter: 193
     0 | D:1      | 0 ||| qw: Melee chars always use a shield: true
     0 | D:1      | 0 ||| qw: God list: Okawaru
     0 | D:1      | 0 ||| qw: Allow faded altars: false
     0 | D:1      | 0 ||| qw: Do Orc after clearing Dungeon:15 true
     0 | D:1      | 0 ||| qw: Do second Lair branch before Depths: true
     0 | D:1      | 0 ||| qw: Lair rune preference: random
     0 | D:1      | 0 ||| qw: Goals: Normal
     0 | D:1      | 0 ||| PLANNING D:1-11
   142 | D:1      | Reached XP level 2. HP: 15/17 MP: 2/2
   803 | D:1      | Reached XP level 3. HP: 21/21 MP: 3/3
   855 | D:1      | Reached skill level 5 in Ranged Weapons
   919 | D:1      | 919 ||| READING scroll labelled SUHACVUODO.
   919 | D:1      | 919 ||| IDENTIFYING amethyst potion
   920 | D:1      | 920 ||| READING scroll labelled ZOMIEKIUJUCI.
   921 | D:1      | 921 ||| DRINKING 3 lumpy blue potions.
   958 | D:1      | 958 ||| DROPPING scroll of butterflies.
   959 | D:1      | 959 ||| DROPPING 2 potions of lignification.
  1257 | D:2      | Found a faded altar of an unknown god.
  1583 | D:2      | 1583 ||| UPGRADING to +0 pair of gloves.
  1588 | D:2      | 1588 ||| UPGRADING to +0 cloak.
  1593 | D:2      | 1593 ||| UPGRADING to +6 ring of dexterity.
  1594 | D:2      | 1594 ||| READING 3 scrolls of identify.
  1594 | D:2      | 1594 ||| IDENTIFYING clear potion
  1595 | D:2      | 1595 ||| READING 2 scrolls of identify.
  1595 | D:2      | 1595 ||| IDENTIFYING yellow potion
  1596 | D:2      | 1596 ||| READING scroll of identify.
  1596 | D:2      | 1596 ||| IDENTIFYING bubbling cyan potion
  1597 | D:2      | 1597 ||| READING scroll labelled AFAFOBESMO.
  1598 | D:2      | 1598 ||| FLEEEEING.
  1708 | D:2      | 1708 ||| READING scroll labelled OJUACO ZAPSE.
  1709 | D:2      | 1709 ||| READING scroll labelled PALUPI FUXALO.
  1710 | D:2      | 1710 ||| FLEEEEING.
  1714 | D:2      | 1714 ||| STAIRDANCE
  1816 | D:1      | 1816 ||| READING scroll labelled RANIOV CAFIESM.
  1817 | D:1      | 1817 ||| READING scroll labelled BUTELO RAEQ.
  1820 | D:1      | 1820 ||| READING scroll labelled WATZUA FATSY.
  1821 | D:1      | 1821 ||| DROPPING potion of attraction.
  1822 | D:1      | 1822 ||| DROPPING potion of brilliance.
  1928 | D:3      | Reached skill level 3 in Fighting
  1966 | D:3      | Reached skill level 1 in Armour
  1966 | D:3      | Reached XP level 4. HP: 26/28 MP: 4/4
  2023 | D:3      | HP: 5/28 [burnt (5)]
  2024 | D:3      | 2024 ||| FLEEEEING.
  2024 | D:3      | HP: 1/28 [burnt (4)]
  2027 | D:3      | Killed from afar by an orc wizard

Levels and vault maps discovered:
D:1:      evilmike_arrival_rings, layout_loops_ring, grunt_decor_cap,
          nicolae_hexahallways, glass_columns_b
D:2:      layout_loops_ring, dreamdust_ecumenical_altar_statues
D:3:      layout_rooms, demons_altar, chequers_serial_rivers_small_3,
          minmay_stone_trees_medium, minmay_snake_closets

Skill      XL: |  1  2  3 |
---------------+----------+-----
Ranged Weapons | 5 |  5.5
Fighting       | 3 |  3.0
Armour         | 1 |  1.0
Dodging        | |  1.5
Stealth        | |  1.1

Action                     |  1- 3 |  4- 6 || total
---------------------------+-------+-------++-------
   Fire: Shortbow          |   103 |    27 ||   130
    Use: Scroll            |    11 |       ||    11
         Potion            |     1 |       ||     1
 Armour: Leather armour    |    17 |    28 ||    45
  Dodge: Dodged            |    23 |    17 ||    40

Table legend:
 A = Non-vault XP
 B = Vault XP
 C = Vault XP percentage of total XP
 D = Non-vault monster count
 E = Vault monster count
 F = Vault count percentage of total count
                 A         B        C        D         E       F
            +---------+---------+-------+---------+---------+-------
      Total |     111 |      34 |  23.4 |      39 |       7 |  15.2
            +---------+---------+-------+---------+---------+-------
        D:1 |      40 |       0 |   0.0 |      26 |       0 |   0.0
        D:2 |      16 |       0 |   0.0 |       9 |       0 |   0.0
        D:3 |      55 |      34 |  38.2 |       4 |       7 |  63.6
            +---------+---------+-------+---------+---------+-------
